% Time on Ice - TEXAS TOROS
Lines # - Real PCT - Wanted PCT - Time Play
Normal Forward
1 - 29% - 36% - 14:04
2 - 32% - 31% - 15:33
3 - 29% - 23% - 14:09
4 - 11% - 10% - 5:19
Normal Defense
1 - 34% - 36% - 16:41
2 - 35% - 31% - 17:23
3 - 25% - 23% - 12:07
4 - 6% - 10% - 2:54
PP Forward
1 - 49% - 55% - 1:56
2 - 51% - 45% - 2:02
PP Defense
1 - 58% - 55% - 2:19
2 - 42% - 45% - 1:39
PK Forward
1 - 74% - 55% - 3:40
2 - 26% - 45% - 1:18
PK Defense
1 - 37% - 55% - 1:50
2 - 63% - 45% - 3:08
PK3 Forward
1 - 0% - 55%
2 - 0% - 45%
PK3 Defense
1 - 0% - 55%
2 - 0% - 45%
44 Forward
1 - 62% - 55% - 1:14
2 - 38% - 45% - 0:45
44 Defense
1 - 69% - 55% - 1:22
2 - 31% - 45% - 0:37
Last Minute Offensive  - 0:00
Last Minute Defensive  - 0:00
Total
Forward - 60:00
Defense - 60:00
% Time on Ice - WINNIPEG BEAVERS
Lines # - Real PCT - Wanted PCT - Time Play
Normal Forward
1 - 32% - 35% - 15:57
2 - 28% - 30% - 13:48
3 - 27% - 30% - 13:17
4 - 12% - 5% - 6:03
Normal Defense
1 - 35% - 34% - 16:58
2 - 33% - 33% - 16:15
3 - 30% - 25% - 14:32
4 - 3% - 8% - 1:20
PP Forward
1 - 41% - 52% - 2:02
2 - 59% - 48% - 2:56
PP Defense
1 - 51% - 53% - 2:31
2 - 49% - 47% - 2:27
PK Forward
1 - 56% - 50% - 2:13
2 - 44% - 50% - 1:45
PK Defense
1 - 46% - 52% - 1:50
2 - 54% - 48% - 2:08
PK3 Forward
1 - 0% - 50%
2 - 0% - 50%
PK3 Defense
1 - 0% - 51%
2 - 0% - 49%
44 Forward
1 - 46% - 50% - 0:55
2 - 54% - 50% - 1:04
44 Defense
1 - 83% - 52% - 1:39
2 - 17% - 48% - 0:20
Last Minute Offensive  - 0:00
Last Minute Defensive  - 0:00
Total
Forward - 60:00
Defense - 60:00
Play-by-Play 1st period 0:01 of 1st period - Mika Zibanejad wins face-off versus Nazem Kadri in neutral zone. 0:03 of 1st period - Off-side. 0:04 of 1st period - Joe Pavelski wins face-off versus Valtteri Filppula in neutral zone. 0:27 of 1st period - Icing by Justin Braun. 0:28 of 1st period - Barrett Hayton wins face-off versus Joe Pavelski in WINNIPEG BEAVERS zone. 1:23 of 1st period - Shot by David Krejci. 1:23 of 1st period - Goal by David Krejci - TEXAS TOROS : 0 - WINNIPEG BEAVERS : 1. 1:24 of 1st period - Nazem Kadri wins face-off versus Mika Zibanejad in neutral zone. 1:34 of 1st period - Madison Bowey is hit by Dylan DeMelo and loses puck. 2:25 of 1st period - Icing by Ian Cole. 2:26 of 1st period - David Krejci wins face-off versus Valtteri Filppula in WINNIPEG BEAVERS zone. 2:44 of 1st period - Shot by Valtteri Filppula. 2:44 of 1st period - Shot Misses the Net. 4:57 of 1st period - Off-side. 4:58 of 1st period - Nazem Kadri wins face-off versus Joe Pavelski in neutral zone. 5:17 of 1st period - Shot by Ondrej Palat. 5:17 of 1st period - Shot Misses the Net. 5:19 of 1st period - Shot by Joe Pavelski. 5:19 of 1st period - Shot Misses the Net. 6:02 of 1st period - Icing by Aaron Ekblad. 6:03 of 1st period - Mika Zibanejad wins face-off versus Nazem Kadri in TEXAS TOROS zone. 7:09 of 1st period - Shot by Valtteri Filppula. 7:09 of 1st period - Shot Misses the Net. 7:22 of 1st period - Minor Penalty to Kris Russell for Hooking. 7:23 of 1st period - Valtteri Filppula wins face-off versus Joe Pavelski in WINNIPEG BEAVERS zone. 7:35 of 1st period - Brock McGinn is hit by Justin Braun and loses puck. 7:38 of 1st period - Shot by Tyson Barrie. 7:38 of 1st period - Stopped by Linus Ullmark without a rebound. 7:39 of 1st period - Nazem Kadri wins face-off versus David Krejci in WINNIPEG BEAVERS zone. 8:46 of 1st period - Shot by Tyson Barrie. 8:46 of 1st period - Stopped by Linus Ullmark without a rebound. 8:47 of 1st period - Valtteri Filppula wins face-off versus David Krejci in WINNIPEG BEAVERS zone. 9:35 of 1st period - Shot by Mika Zibanejad. 9:35 of 1st period - Shot Misses the Net. 9:37 of 1st period - Shot by Mika Zibanejad. 9:37 of 1st period - Shot Misses the Net. 9:39 of 1st period - Shot by Brad Marchand. 9:39 of 1st period - Stopped by Mikko Koskinen with a rebound. 9:53 of 1st period - Shot by Brad Marchand. 9:53 of 1st period - Stopped by Mikko Koskinen without a rebound. 9:54 of 1st period - Nazem Kadri wins face-off versus David Krejci in TEXAS TOROS zone. 10:33 of 1st period - Aaron Ekblad is hit by Sean Kuraly and loses puck. 10:56 of 1st period - Shot by Ondrej Palat. 10:56 of 1st period - Stopped by Mikko Koskinen without a rebound. 10:57 of 1st period - Nazem Kadri wins face-off versus Mika Zibanejad in TEXAS TOROS zone. 11:03 of 1st period - Icing by Nazem Kadri. 11:04 of 1st period - Nazem Kadri wins face-off versus Joe Pavelski in TEXAS TOROS zone. 11:19 of 1st period - Shot by Nazem Kadri. 11:19 of 1st period - Stopped by Linus Ullmark without a rebound. 11:20 of 1st period - Barrett Hayton wins face-off versus Mika Zibanejad in WINNIPEG BEAVERS zone. 11:23 of 1st period - Shot by Nick Cousins. 11:23 of 1st period - Shot Misses the Net. 11:25 of 1st period - Shot by Nick Cousins. 11:25 of 1st period - Shot Misses the Net. 11:27 of 1st period - Shot by Aaron Ekblad. 11:27 of 1st period - Stopped by Linus Ullmark without a rebound. 11:28 of 1st period - Joel Armia wins face-off versus Valtteri Filppula in WINNIPEG BEAVERS zone. 11:42 of 1st period - Icing by Aaron Ekblad. 11:43 of 1st period - Mika Zibanejad wins face-off versus Valtteri Filppula in TEXAS TOROS zone. 12:11 of 1st period - Shot by Jake Virtanen. 12:11 of 1st period - Shot Blocked by Brad Marchand. 12:44 of 1st period - Shot by Conor Sheary. 12:44 of 1st period - Stopped by Linus Ullmark without a rebound. 12:45 of 1st period - Joe Pavelski wins face-off versus Barrett Hayton in WINNIPEG BEAVERS zone. 12:54 of 1st period - Shot by Nick Cousins. 12:54 of 1st period - Shot Misses the Net. 13:11 of 1st period - Shot by Nick Cousins. 13:11 of 1st period - Stopped by Linus Ullmark without a rebound. 13:12 of 1st period - David Krejci wins face-off versus Nazem Kadri in WINNIPEG BEAVERS zone. 13:22 of 1st period - Shot by Alexander Radulov. 13:22 of 1st period - Stopped by Mikko Koskinen with a rebound. 13:37 of 1st period - Alexander Radulov is hit by Dmitry Kulikov. 14:00 of 1st period - Icing by Dante Fabbro. 14:01 of 1st period - Joe Pavelski wins face-off versus Nazem Kadri in TEXAS TOROS zone. 14:05 of 1st period - Icing by Dante Fabbro. 14:06 of 1st period - Joe Pavelski wins face-off versus Nazem Kadri in TEXAS TOROS zone. 14:23 of 1st period - Shot by Joel Armia. 14:23 of 1st period - Stopped by Mikko Koskinen without a rebound. 14:24 of 1st period - Valtteri Filppula wins face-off versus Mika Zibanejad in TEXAS TOROS zone. 14:41 of 1st period - Shot by Jake Virtanen. 14:41 of 1st period - Deflect By Brock McGinn. 14:41 of 1st period - Shot Blocked by Mika Zibanejad. 15:26 of 1st period - Off-side. 15:27 of 1st period - Joe Pavelski wins face-off versus Nazem Kadri in neutral zone. 15:51 of 1st period - Shot by Joe Pavelski. 15:51 of 1st period - Shot Misses the Net. 17:10 of 1st period - Off-side. 17:11 of 1st period - Mika Zibanejad wins face-off versus Barrett Hayton in neutral zone. 17:37 of 1st period - Justin Braun is hit by Nick Cousins and loses puck. 18:37 of 1st period - Anthony DeAngelo is hit by Valtteri Filppula and loses puck. 18:38 of 1st period - Minor Penalty to Valtteri Filppula for Roughing. 18:39 of 1st period - David Krejci wins face-off versus Brock McGinn in TEXAS TOROS zone. 19:01 of 1st period - Shot by Dylan DeMelo. 19:01 of 1st period - Shot Blocked by Madison Bowey. 19:45 of 1st period - Shot by Alexander Radulov. 19:45 of 1st period - Shot Blocked by Dmitry Kulikov. 19:47 of 1st period - Shot by Mika Zibanejad. 19:47 of 1st period - Shot Misses the Net. Goals for this period are 0 for TEXAS TOROS vs 1 for WINNIPEG BEAVERS. Shots for this period are 6 for TEXAS TOROS vs 6 for WINNIPEG BEAVERS. 2nd period 0:01 of 2nd period - David Krejci wins face-off versus Brock McGinn in neutral zone. 0:04 of 2nd period - Aaron Ekblad is hit by David Krejci and loses puck. 0:53 of 2nd period - Shot by Michael Raffl. 0:53 of 2nd period - Deflect By Colin Wilson. 0:53 of 2nd period - Shot Misses the Net. 0:55 of 2nd period - Shot by Kris Russell. 0:55 of 2nd period - Shot Blocked by Nazem Kadri. 1:09 of 2nd period - Minor Penalty to Dmitry Kulikov for Interference. 1:10 of 2nd period - Mika Zibanejad wins face-off versus Brock McGinn in TEXAS TOROS zone. 1:18 of 2nd period - Ondrej Palat is hit by Madison Bowey and loses puck. 1:22 of 2nd period - Mika Zibanejad is hit by Madison Bowey and loses puck. 2:07 of 2nd period - Shot by Brad Marchand. 2:07 of 2nd period - Shot Blocked by Tyson Barrie. 2:09 of 2nd period - Shot by Joe Pavelski. 2:09 of 2nd period - Goal by Joe Pavelski - TEXAS TOROS : 0 - WINNIPEG BEAVERS : 2. 2:10 of 2nd period - Barrett Hayton wins face-off versus Colin Wilson in neutral zone. 2:17 of 2nd period - Shot by Nick Cousins. 2:17 of 2nd period - Shot Hit the Post. 2:37 of 2nd period - Dmitry Kulikov is hit by Steven Lorentz and loses puck. 2:48 of 2nd period - Nick Cousins is hit by Ian Cole. 2:51 of 2nd period - Icing by Ian Cole. 2:52 of 2nd period - Nazem Kadri wins face-off versus Steven Lorentz in WINNIPEG BEAVERS zone. 2:56 of 2nd period - Icing by Anthony DeAngelo. 2:57 of 2nd period - Conor Sheary wins face-off versus Steven Lorentz in WINNIPEG BEAVERS zone. 3:38 of 2nd period - Shot by Mika Zibanejad. 3:38 of 2nd period - Goal by Mika Zibanejad - TEXAS TOROS : 0 - WINNIPEG BEAVERS : 3. 3:39 of 2nd period - Valtteri Filppula wins face-off versus David Krejci in neutral zone. 4:49 of 2nd period - Icing by Tyson Barrie. 4:50 of 2nd period - Valtteri Filppula wins face-off versus Joe Pavelski in TEXAS TOROS zone. 5:05 of 2nd period - Icing by Ian Cole. 5:06 of 2nd period - Joe Pavelski wins face-off versus Nazem Kadri in WINNIPEG BEAVERS zone. 5:11 of 2nd period - Madison Bowey is hit by Joel Armia and loses puck. 5:16 of 2nd period - Shot by Anthony DeAngelo. 5:16 of 2nd period - Shot Blocked by Madison Bowey. 5:18 of 2nd period - Shot by Joel Armia. 5:18 of 2nd period - Goal by Joel Armia - TEXAS TOROS : 0 - WINNIPEG BEAVERS : 4. 5:18 of 2nd period - Cory Schneider enters game. 5:19 of 2nd period - Barrett Hayton wins face-off versus Mika Zibanejad in neutral zone. 5:26 of 2nd period - Shot by Nick Cousins. 5:26 of 2nd period - Shot Misses the Net. 5:28 of 2nd period - Shot by Barrett Hayton. 5:28 of 2nd period - Shot Misses the Net. 5:30 of 2nd period - Shot by Dmitry Kulikov. 5:30 of 2nd period - Shot Misses the Net. 5:32 of 2nd period - Shot by Barrett Hayton. 5:32 of 2nd period - Shot Misses the Net. 5:34 of 2nd period - Shot by Dante Fabbro. 5:34 of 2nd period - Stopped by Linus Ullmark without a rebound. 5:35 of 2nd period - David Krejci wins face-off versus Nazem Kadri in WINNIPEG BEAVERS zone. 6:04 of 2nd period - Mats Zuccarello is hit by Dylan DeMelo and loses puck. 6:15 of 2nd period - Shot by Mats Zuccarello. 6:15 of 2nd period - Deflect By Nazem Kadri. 6:15 of 2nd period - Stopped by Linus Ullmark without a rebound. 6:16 of 2nd period - Joe Pavelski wins face-off versus Barrett Hayton in WINNIPEG BEAVERS zone. 6:16 of 2nd period - Joe Pavelski is hit by Nick Cousins. 6:23 of 2nd period - Icing by Justin Braun. 6:24 of 2nd period - Barrett Hayton wins face-off versus Joe Pavelski in WINNIPEG BEAVERS zone. 7:00 of 2nd period - Shot by Ondrej Palat. 7:00 of 2nd period - Shot Misses the Net. 7:34 of 2nd period - Shot by Brad Marchand. 7:34 of 2nd period - Stopped by Cory Schneider without a rebound. 7:35 of 2nd period - David Krejci